Selects Luftwaffe Battlegroup
Selects Luftwaffe Pioneer Support
Fallschirmpioneer Squad Paradrop
Fallschirmpioneer Squad Paradrop
Construct Infanterie Kompanie
Fallschirmpioneer Squad Paradrop
Fallschirmpioneer Squad Paradrop
Selects Stuka Strafing Run
Infanterie Officer Quarters
Selects Flak 38 Anti-Air Emplacement
Construct Panzergrenadier Kompanie
Selects Fallschirmjäger Squad Paradrop
Fallschirmpioneer Squad Paradrop
Pak 40 Anti-tank Gun Team
Selects Fragmentation Bombs
Fallschirmjäger Squad Paradrop